 Dungeon Sprint DCSS version 0.19-a0-895-gdbd5520 (webtiles) character file.

60 LORDOFBUTT the Basher (level 4, -11/85 HPs)
             Began as an Ogre Berserker on July 4, 2016.
             Was a Priest of Trog.
             Mangled by a hill giant
             ... wielding a +0 giant club
              (23 damage)
             ... in the Dungeon (Sprint IX: "|||||||||||||||||||||||||||||").
             The game lasted 00:00:46 (444 turns).

LORDOFBUTT the Basher (Ogre Berserker)               Turns: 444, Time: 00:00:47

Health: -11/85     AC:  3    Str: 27    XL:     4   Next: 4%
Magic:  4/4        EV: 10    Int:  9    God:    Trog [***...]
Gold:   0          SH:  0    Dex: 13    Spells: 0 memorised, 3 levels left

rFire  . . .     SeeInvis .     a - +0 mace
rCold  . . .     Gourm    .     b - +0 animal skin
rNeg   . . .     Faith    .     (no shield)
rPois  .         Spirit   .     (helmet restricted)
rElec  .         Dismiss  .     (no cloak)
rCorr  .         Reflect  .     (gloves unavailable)
SustAt .         Harm     .     (boots unavailable)
MR     .....     NoTele   +     (no amulet)
Stlth  ..........               n - +3 ring of intelligence
                                m - +3 ring of dexterity

@: berserking, very quick, not resistant to hostile enchantments, extremely
unstealthy
A: unfitting armour, tough skin 1
a: Berserk, Trog's Hand, Burn Spellbooks, Renounce Religion


You were in the Dungeon.
You worshipped Trog.
Trog was most pleased with you.
You were not hungry.

You visited 1 branch

Inventory:

Hand Weapons
 a - a +0 mace (weapon)
Armour
 b - a +0 animal skin (worn)
Jewellery
 m - a +3 ring of dexterity (left hand)
 n - a +3 ring of intelligence (right hand)
Wands
 l - a wand of lightning (7/15)
Scrolls
 i - 2 scrolls of blinking
 k - 3 scrolls of remove curse
Potions
 d - 5 potions of curing
 e - 2 potions of heal wounds
 f - a potion of haste
 g - 4 potions of magic
 h - a potion of berserk rage
 j - a potion of invisibility
Comestibles
 c - a bread ration


   Skills:
 + Level 8.0 Fighting
 + Level 8.1 Maces & Flails
 - Level 2.6 Dodging


You had 3 spell levels left.
You didn't know any spells.

Dungeon Overview and Level Annotations

Branches:
Dungeon (1/1)

Altars:
Cheibriados
Dithmenos
Elyvilon
Fedhas
Gozag
Hepliaklqana
Kikubaaqudgha
Makhleb
Nemelex Xobeh
Okawaru
Pakellas
Qazlal
Ru
Sif Muna
Trog
Uskayaw
Vehumet
Xom
Yredelemnul
Zin
The Shining One
Beogh
Jiyva
Lugonu


Innate Abilities, Weirdness & Mutations

You are too large for most types of armour.
You have tough skin. (AC +1)


Message History

You feel yourself moving faster!
You feel mighty!
You feel quite a bit more hungry.
The crimson imp blinks!
You sock the hill giant!
The hill giant is moderately wounded.
The hill giant hits you with a giant club!!
The crimson imp hits you.
You bludgeon the hill giant!!
The hill giant is severely wounded.
You barely miss the hill giant.
The hill giant is severely wounded.
The crimson imp hits you.
The hill giant hits you with a giant club!!
* * * LOW HITPOINT WARNING * * *
You hit the hill giant but do no damage.
The hill giant is severely wounded.
The crimson imp closely misses you.
You barely miss the hill giant.
The hill giant is severely wounded.
The hill giant hits you with a giant club!!
You die... ▓▓▓▓▓▓▓▓▓▓▓▓▓▓▓▓▓▓▓▓▓▓▓▓ +..nyZC@5.[[[)|?.'______ ▓▓▓▓▓▓▓▓▓▓▓▓▓▓▓▓▓▓▓▓▓▓▓▓

You could see a hill giant, a necrophage, a killer bee, a crimson imp and an adder skeleton.

Vanquished Creatures
  A crimson imp (D)
  An ooze (D)
  An adder skeleton (D)
  2 adder zombies (D)
  A dart slug (D)
  An orc (D)
  A hobgoblin (D)
  A jackal (D)
  A giant cockroach zombie (D)
  A giant newt (D)
11 creatures vanquished.

Notes
Turn   | Place    | Note
-------+----------+-------------------------------------------
     0 | D        | LORDOFBUTT the Ogre Berserker began the quest for the Orb.
     0 | D        | Reached XP level 1. HP: 24/24 MP: 1/1
    18 | D        | Reached ** piety under Trog
    18 | D        | Reached skill level 5 in Fighting
    18 | D        | Reached skill level 5 in Maces & Flails
    25 | D        | Reached XP level 2. HP: 15/36 MP: 2/2
   203 | D        | Noticed a crimson imp
   221 | D        | Killed a crimson imp
   221 | D        | Reached *** piety under Trog
   221 | D        | Reached XP level 3. HP: 28/46 MP: 3/3
   384 | D        | Found a glowing silver altar of Zin.
   384 | D        | Found a glowing golden altar of the Shining One.
   384 | D        | Found an ancient bone altar of Kikubaaqudgha.
   384 | D        | Found a basalt altar of Yredelemnul.
   384 | D        | Found a shimmering altar of Xom.
   384 | D        | Found a radiant altar of Vehumet.
   385 | D        | Found an iron altar of Okawaru.
   386 | D        | Found a burning altar of Makhleb.
   387 | D        | Found a deep blue altar of Sif Muna.
   388 | D        | Found a bloodstained altar of Trog.
   389 | D        | Found a sparkling altar of Nemelex Xobeh.
   390 | D        | Found a white marble altar of Elyvilon.
   391 | D        | Found a roughly hewn altar of Beogh.
   392 | D        | Found a viscous altar of Jiyva.
   393 | D        | Found a corrupted altar of Lugonu.
   394 | D        | Found a blossoming altar of Fedhas.
   395 | D        | Found a snail-covered altar of Cheibriados.
   396 | D        | Found a shadowy altar of Dithmenos.
   397 | D        | Found a stormy altar of Qazlal.
   398 | D        | Found an opulent altar of Gozag.
   399 | D        | Found a sacrificial altar of Ru.
   400 | D        | Found an oddly glowing altar of Pakellas.
   401 | D        | Found a hide-covered altar of Uskayaw.
   402 | D        | Found a hazy altar of Hepliaklqana.
   428 | D        | Noticed a necrophage
   428 | D        | Noticed a hill giant
   428 | D        | Noticed a killer bee
   433 | D        | Reached XP level 4. HP: 57/57 MP: 4/4
   444 | D        | Mangled by a hill giant

Vault maps used:
D:        linesprint

Skill      XL: |  1  2  3 |
---------------+----------+-----
Fighting       | 5 7 8 |  8.0
Maces & Flails | 5 7 8 |  8.1
Dodging        | |  2.6

Action                   |  1- 3 |  4- 6 || total
-------------------------+-------+-------++-------
Melee: Mace              |    57 |     9 ||    66
Invok: Berserk           |       |     1 ||     1
  Use: Potion            |       |     1 ||     1
Armor: Animal skin       |    19 |     1 ||    20
Dodge: Dodged            |    26 |     3 ||    29
